Map: Zen LE

Players

texugodomel - Winner!

  • Race: Terran Terran
  • League: Gold
  • Spawn Location: 7:00

Ratl

  • Race: Protoss Protoss
  • League: Bronze
  • Spawn Location: 1:00

VOD

Have the link to the VOD?

Description

Time

  • Played on: Dec. 23, 2019, 12:07 p.m.
  • Length: 18:12
Show
View Real Time Build Order
Export as new Build Order

texugodomel Terran - Winner!

Build Orders:  

Get SALT Encoding   

  12  0:02  SCV  
  13  0:14  SCV  
  13  0:18  Supply Depot  
  14  0:26  SCV  
  15  0:39  SCV  
  15  0:42  Barracks  
  16  0:47  Refinery  
  16  0:57  SCV  
  17  1:09  SCV  
  18  1:21  SCV  
  19  1:30  Marine  
  20  1:33  SCV  
  21  1:51  Command Center  
  21  2:07  Marine  
  22  2:11  Supply Depot  
  22  2:16  Orbital Command  
  22  2:33  Barracks Tech Lab  
  22  2:42  Factory  
  22  2:45  SCV  
  23  2:57  SCV  
  24  3:16  Orbital Command  
  24  3:22  Engineering Bay  
  24  3:25  SCV, Refinery  
  25  3:35  Siege Tank  
  25  3:37  SCV  
  25  3:40  Factory  
  29  3:45  Marine  
  30  3:49  SCV  
  30  3:53  Missile Turret  
  31  4:01  SCV  
  32  4:07  Siege Tank  
  35  4:24  SCV x2  
  35  4:27  Marine  
  35  4:29  Factory Reactor  
  37  4:36  SCV x2  
  39  4:47  Siege Tank  
  39  4:48  SCV x2  
  43  5:00  SCV, Missile Turret  
  43  5:01  SCV  
  43  5:04  Missile Turret  
  45  5:11  Armory  
  45  5:12  SCV  
  46  5:18  Supply Depot  
  46  5:25  SCV x2, Hellion x2  
  52  5:29  Marine  
  52  5:35  Refinery  
  53  5:36  Refinery  
  53  5:37  SCV  
  53  5:39  SCV  
  55  5:49  SCV  
  56  5:51  SCV  
  56  5:54  Hellion, Siege Tank  
  62  6:13  Supply Depot x2  
  62  6:28  Command Center  
  62  6:35  SCV x2, Hellion x2  
  68  6:42  Thor  
  74  6:47  SCV x2  
  76  7:03  Missile Turret  
  76  7:04  SCV x2  
  78  7:26  Supply Depot  
  78  7:27  Missile Turret  
  78  7:30  Supply Depot  
  78  7:38  SCV x2, Hellion x2  
  78  7:40  Thor  
  90  7:45  Orbital Command  
  90  7:47  Missile Turret  
  90  7:50  SCV  
  91  7:51  Command Center  
  91  7:53  SCV, Refinery  
  91  7:54  Refinery  
  92  7:59  Hellion  
  94  8:06  SCV x2  
  96  8:13  Hellion  
  96  8:18  SCV x2  
  96  8:19  Factory  
  100  8:21  Hellion  
  100  8:26  Hi-Sec Auto Tracking  
  102  8:27  SCV, Armory  
  102  8:30  SCV x2  
  105  8:36  Thor  
  105  8:37  Hellion  
  105  8:39  SCV  
  114  8:42  SCV  
  115  8:49  SCV  
  115  8:51  SCV  
  115  8:54  SCV  
  118  9:01  SCV  
  119  9:03  SCV  
  119  9:06  SCV  
  119  9:07  SCV  
  122  9:13  SCV  
  122  9:15  SCV, Hellion x2  
  128  9:43  SCV x2  
  128  9:44  SCV  
  127  9:54  Thor  
  127  9:55  SCV x2, Hellion x2  
  127  9:56  SCV  
  140  10:00  Factory Tech Lab  
  140  10:03  Factory  
  140  10:10  Factory  
  140  10:11  Factory  
  140  10:13  Terran Vehicle And Ship Armor Level 1, Terran Vehicle Weapons Level 1  
  140  10:16  Planetary Fortress, Hellion  
  142  10:36  Infernal Pre-Igniter  
  142  10:38  Missile Turret x3  
  144  10:43  Missile Turret, Widow Mine x3  
  148  10:52  Supply Depot  
  148  10:53  Supply Depot  
  148  10:55  Starport, Supply Depot x3  
  148  10:56  Starport, Supply Depot  
  148  11:01  Supply Depot x2  
  148  11:03  Factory Reactor, Factory Tech Lab  
  148  11:04  Factory Tech Lab  
  148  11:13  SCV  
  148  11:14  Widow Mine x2, Hellion  
  148  11:15  Thor  
  161  11:18  Supply Depot  
  161  11:21  Supply Depot  
  161  11:33  Thor, Barracks  
  161  11:34  Thor  
  161  11:35  Starport Tech Lab, Factory, Refinery, Hellion x2  
  161  11:36  Starport Tech Lab  
  161  11:37  Refinery  
  161  11:39  Missile Turret  
  177  11:41  Supply Depot  
  177  11:43  Thor  
  183  11:47  Drilling Claws  
  183  11:52  Supply Depot, Smart Servos  
  183  11:56  Raven x2  
  183  11:57  Thor  
  183  11:59  Widow Mine x2  
  183  12:00  Supply Depot  
  197  12:02  Supply Depot  
  197  12:39  Raven  
  153  13:02  Thor x3, Hellion  
  153  13:03  Thor  
  153  13:05  Hellion x3  
  155  13:06  Banshee  
  138  13:24  Hellion  
  140  13:31  Widow Mine, Hellion  
  140  13:32  Widow Mine  
  140  13:33  Banshee  
  149  13:45  Thor x3, Widow Mine  
  169  13:57  SCV  
  169  13:58  SCV x3  
  169  14:00  Thor  
  169  14:02  Widow Mine  
  182  14:10  SCV x2  
  183  14:28  Thor x2  
  134  15:34  Terran Vehicle Weapons Level 2, Terran Vehicle And Ship Armor Level 2  
  122  15:41  Thor x3  
  122  15:42  Thor  
  148  15:43  Hellion x4  
  151  16:04  Hellion x2  
  144  16:16  Hellion x2  
  144  16:17  Banshee  
  133  16:24  Thor x4  
  151  16:26  Hellion x2  
  151  16:30  Banshee  
  154  16:36  Command Center  
  154  16:37  Hellion x2  
  160  16:47  Hellion x2  
  162  16:58  Hellion  
  164  17:07  Thor  
  170  17:14  Command Center x2  
  170  17:19  Thor x2  
  170  17:21  Widow Mine  
  184  17:24  Hellion x4  
  193  17:51  Command Center  
Show
View Real Time Build Order
Export as new Build Order

Ratl Protoss 

Build Orders:  

Get SALT Encoding   

  12  0:03  Probe  
  13  0:15  Probe (Chrono Boost)  
  13  0:20  Pylon  
  14  0:27  Probe (Chrono Boost)  
  15  0:31  Assimilator  
  15  0:38  Probe (Chrono Boost), Assimilator  
  16  0:53  Gateway  
  16  0:57  Probe  
  17  1:09  Probe  
  18  1:21  Probe  
  19  1:28  Gateway  
  19  1:33  Probe  
  20  1:44  Cybernetics Core  
  20  1:45  Probe  
  21  1:57  Probe  
  22  2:09  Probe  
  23  2:22  Probe  
  23  2:26  Warp Gate (Chrono Boost)  
  23  2:38  Pylon  
  23  2:42  Pylon  
  23  2:56  Probe, Robotics Facility, Stalker x2  
  28  3:08  Probe  
  29  3:16  Nexus  
  29  3:20  Probe  
  30  3:30  Stalker  
  30  3:31  Stalker  
  30  3:32  Probe  
  35  3:44  Probe, Observer  
  37  3:56  Probe  
  36  4:19  Pylon  
  36  4:21  Immortal  
  38  4:28  Probe (Chrono Boost)  
  38  4:29  Probe (Chrono Boost)  
  40  4:35  Pylon  
  42  4:38  Probe x2 (Chrono Boost)  
  42  4:42  Pylon  
  42  4:43  Probe x2 (Chrono Boost)  
  42  4:45  Gateway  
  44  4:54  Probe  
  45  5:00  Assimilator  
  45  5:04  Assimilator  
  45  5:09  Pylon, Immortal  
  45  5:12  Pylon  
  45  5:13  Robotics Bay  
  48  5:42  Probe x2  
  46  5:48  Observer  
  47  5:54  Probe x2  
  49  5:59  Stalker x2  
  49  6:00  Stalker  
  55  6:06  Probe x2  
  55  6:08  Gateway, Immortal (Chrono Boost)  
  55  6:11  Gateway  
  61  6:14  Gateway  
  61  6:16  Gateway  
  61  6:20  Pylon  
  61  6:23  Probe  
  62  6:41  Stalker  
  62  6:43  Stalker  
  66  6:51  Nexus  
  66  7:04  Stalker x2  
  66  7:05  Stalker  
  72  7:17  Probe  
  73  7:28  Forge x2  
  73  7:33  Gateway x2  
  73  7:36  Gateway  
  73  7:45  Twilight Council  
  73  7:50  Stalker x4  
  81  7:52  Stalker  
  83  8:01  Colossus  
  89  8:12  Extended Thermal Lance  
  89  8:17  Stalker  
  89  8:18  Stalker  
  93  8:26  Probe (Chrono Boost)  
  96  8:31  Probe x2 (Chrono Boost)  
  96  8:33  Protoss Ground Armor Level 1 (Chrono Boost), Assimilator  
  96  8:34  Protoss Ground Weapons Level 1 (Chrono Boost)  
  96  8:36  Blink  
  96  8:37  Probe (Chrono Boost)  
  96  8:40  Probe x2 (Chrono Boost)  
  99  8:54  Templar Archives  
  99  8:57  Stalker x2  
  103  9:07  Colossus  
  109  9:10  Probe x2  
  111  9:19  Assimilator  
  111  9:29  Stalker x3  
  117  9:45  Pylon  
  114  9:51  Psionic Storm  
  114  10:11  Colossus  
  120  10:14  Stalker  
  120  10:15  Stalker  
  120  10:18  Observer  
  124  10:22  Pylon  
  124  10:23  Pylon  
  124  10:24  Pylon  
  124  10:25  Pylon  
  124  10:29  Gateway  
  124  10:31  Gateway  
  124  10:37  Charge  
  124  10:51  Observer  
  124  11:01  Stalker x2  
  124  11:02  Stalker x6  
  124  11:03  Stalker x2  
  144  11:05  Warp Prism  
  146  11:12  Observer  
  146  11:38  Stalker  
  146  11:39  Stalker x4  
  155  11:40  Stalker  
  157  12:06  Pylon  
  157  12:08  Pylon  
  157  12:10  Pylon  
  157  12:12  Pylon  
  157  12:24  Probe  
  158  12:36  Probe  
  159  12:48  Probe  
  148  13:00  Probe  
  137  13:12  Probe  
  138  13:15  Warp Prism  
  130  13:50  Nexus  
  130  13:51  Assimilator, Warp Prism  
  130  13:52  Assimilator  
  130  13:53  Pylon x2  
  132  13:56  Pylon  
  132  14:09  Stalker x3  
  138  14:10  Stalker x6  
  138  14:11  Stalker  
  138  14:13  Protoss Ground Weapons Level 2, Protoss Ground Armor Level 2  
  133  14:43  Probe (Chrono Boost)  
  136  14:47  Probe (Chrono Boost)  
  136  14:48  Probe (Chrono Boost)  
  119  14:53  Probe (Chrono Boost)  
  119  14:56  Probe x2 (Chrono Boost)  
  119  14:57  Probe (Chrono Boost)  
  116  15:06  Probe  
  116  15:07  Probe  
  118  15:11  Stalker x3  
  118  15:12  Stalker x5  
  118  15:13  Stalker x4  
  142  15:18  Probe  
  142  15:19  Probe  
  76  16:00  Stalker x5  
  76  16:01  Stalker x5  
  76  16:02  Stalker x2  
  65  16:24  Stalker x4  
  65  16:25  Stalker x6  
  81  16:40  Stalker x2  
  85  16:58  Probe (Chrono Boost)  
  86  17:02  Stalker  
  86  17:03  Stalker  
  86  17:08  Probe (Chrono Boost)  
  91  17:13  Probe (Chrono Boost)  
  92  17:21  Stalker  
  92  17:22  Stalker x2  
  98  17:24  Probe  
  99  17:36  Probe  
  102  17:40  Observer  
  97  17:47  Stalker x3  
  93  18:01  Stalker x4  
Tags
 
Matchup
PvT
Spawn Locations
Cross Positions
Add a new tag
Caveats
  • Supply blocks, unpowered buildings, or Contaminate may cause inaccurate times.
  • Supply counts are checked every 10 seconds.